[Event "*** Titled Tuesday Blitz"]
[Site "Chess.com"]
[Date "2019.06.04"]
[Round "3"]
[White "LarissaSteenbekkers"]
[Black "chesstatour"]
[Result "0-1"]
[WhiteElo "1962"]
[BlackElo "2040"]
[TimeControl "180+2"]
[EndTime "13:39:10 PDT"]
[Termination "chesstatour won by resignation"]

1. e4 c6 2. c4 d5 3. cxd5 cxd5 4. exd5 Nf6 5. Nc3 Nxd5 6. Nf3 Nc6 7. Bb5 a6 8. Bxc6+ bxc6 9. O-O e6 10. Ne5 Bd6 11.
Nxc6 Bxh2+ 12. Kxh2 Qd6+ 13. Kg1 Qxc6 14. d4 O-O 15. Ne4 Bb7 16. Qf3 Ne7 17. Ng5 Qxf3 18. Nxf3 Bxf3 19. gxf3 Rfd8 20. Be3 Rab8 21. b3 Rd5 22.
Rfc1 Rb7 23. Rc4 f6 24. Rac1 Kf7 25. Rc7 Rd7 26. Rc8 Nxc8 27. Rxc8 h6 28. Ra8 Ra7 29. Rb8 Rab7 30. Ra8 Rd6 31. Kf1 g5 32. Ke2 Kg6 33.
Rg8+ Kf5 34. Rh8 Rc7 35. Rxh6 Rc2+ 36. Kd3 Rxa2 37. Kc4 Rc2+ 38. Kb4 Rd5 39. Rh8 Rb5+ 40. Ka3 Rc3 41. d5 Rbxb3+ 42. Ka4 exd5 43. Rd8 Ke6 44. Re8+ Kd7 45. Rf8 Ke7 46. Bc5+ Ke6 47. Bb4 Rd3 48. Ra8 Kf5 49. Rxa6 Rxf3 50. Be7 Ke5 51. Bd6+ Ke4 52. Be7 Rbd3 53. Bxf6 g4 54. Bh4 Rd1 55. Re6+ Kd3 56. Rg6 Rf4+ 57. Kb5 Rc4 58. Rg5 Rb1+ 59. Ka5 Rc5+ 60.
Ka4 Kc4 61. Rxg4+ d4 62. Rg3 Ra1+ 63. Ra3 Ra5+ 64. Kxa5 Rxa3+ 65. Kb6 Kd5 66. Kb5 Rb3+ 67. Ka4 Rb1 68. Ka3 Ke4 69. Bg5 Kf3 70. Bh4 d3 71.
Ka2 Rb7 72. Bg5 Kxf2 0-1

[Event "*** Titled Tuesday Blitz"]
[Site "Chess.com"]
[Date "2019.06.04"]
[Round "3"]
[White "Thjop"]
[Black "Firegrizzly"]
[Result "1-0"]
[WhiteElo "2588"]
[BlackElo "2676"]
[TimeControl "180+2"]
[EndTime "13:39:20 PDT"]
[Termination "Thjop won by resignation"]

1. e4 c5 2. Nf3 Nc6 3. Bb5 g6 4. O-O Bg7 5. Re1 Nf6 6. e5 Nd5 7. Nc3 Nc7 8. Bxc6 dxc6 9. Ne4 b6 10. Nf6+ Kf8 11. Ne4 h6 12. h3 Be6 13. d3 c4 14.
d4 Bd5 15. b3 Ne6 16. Qe2 b5 17. Ba3 a5 18. Bc5 Ke8 19. Nc3 Nxc5 20. dxc5 Ra7 21. Red1 Rd7 22. Nxd5 Rxd5 23. bxc4 bxc4 24. Rab1 f5 25.
Rxd5 cxd5 26. Nd4 Qc8 27. c6 Kf7 28. f4 Re8 29. Qf3 e6 30. Qa3 Re7 31. Qxa5 g5 32. g3 Bf8 33. c3 Kg8 34. Qb5 Qe8 35. Kh2 Rg7 36. c7 Qc8 37. Qb8 Rxc7 38. Qxc8 Rxc8 39.
Nxe6 Ra8 40. Rb2 Ba3 41. Rd2 Bc1 42. Rc2 Be3 43. Kg2 g4 44. hxg4 fxg4 45. Nc7 Ra5 46. e6 Kf8 47. Re2 Bc5 48. Nxd5 Be7 49. Ne3 h5 50. Nxc4 Rc5 51. Re4 Rc6 52. Kf2 Ra6 53.
Re2 Rc6 54. Ne5 Ra6 55. Ke3 Rxe6 56. Rh2 Rh6 57. Nxg4 Bc5+ 58. Ke4 Ra6 59. Rxh5 Be7 60. Rh2 Ra4+ 61. Kd3 Kf7 62. Ne5+ Ke6 63. Nf3 Kf5 64. Ne5 Bf6 65. Re2 Ra3 66. Rc2 Bxe5 67. fxe5 Kxe5 68. Rg2 Kf5 69. g4+ Kg5 70. Kd4 Ra8 71. c4 Rd8+ 72. Kc3 Rc8 73. a4 Ra8 74. Kb4 Rb8+ 75. Kc5 Rc8+ 76. Kb5 Rb8+ 77. Kc5 Rc8+ 78. Kd4 Rd8+ 79. Kc3 Rc8 80. Ra2 Kxg4 81. a5 Kf5 82. a6 Ke6 83. a7 Ra8 84. Kb4 Kd7 85. Kb5 Kc7 86. c5 Kb7 87. c6+ Kc7 88. Kc5 Kc8 89. Kb6 Kd8 90. Kb7 1-0

[Event "*** Titled Tuesday Blitz"]
[Site "Chess.com"]
[Date "2019.06.04"]
[Round "3"]
[White "fidezivkovic"]
[Black "tan275"]
[Result "1-0"]
[WhiteElo "2229"]
[BlackElo "2180"]
[TimeControl "180+2"]
[EndTime "13:39:21 PDT"]
[Termination "fidezivkovic won by checkmate"]

1. e4 c6 2. d4 d5 3. Nd2 dxe4 4. Nxe4 Bf5 5. Ng3 Bg6 6. h4 h6 7. Nf3 e6 8. h5 Bh7 9. Bd3 Bxd3 10. Qxd3 Nf6 11. Bf4 Bd6 12. Bxd6 Qxd6 13. O-O-O Nbd7 14. Kb1 O-O-O 15. Qe2 Kb8 16. Ne5 Qe7 17. Nc4 Rhe8 18. Rhe1 Qb4 19. c3 Qf8 20. Ne4 Nxe4 21. Qxe4 Nb6 22.
Ne5 Nd5 23. g4 f5 24. gxf5 Qxf5 25. Ng6 Qxe4+ 26. Rxe4 Nf6 27. Re5 Rd5 28. Rde1 Rxe5 29. Rxe5 Kc7 30. Nf4 Kd6 31. Kc2 Kd7 32. Kd3 Nd5 33.
Ng6 Nf6 34. c4 Ng4 35. Re2 Kd6 36. b4 b6 37. a4 e5 38. f4 e4+ 39. Kc3 e3 40. Ne5 Rf8 41. Nxg4 Rxf4 42. Nxe3 Rf3 43.
Kd2 Rh3 44. Nf5+ Kd7 45. Nxg7 Rh4 46. Kd3 Rh3+ 47. Re3 Rh4 48. Nf5 Rxh5 49. Ke4 Rh1 50. Ke5 h5 51. Kf6 h4 52. Re7+ Kc8 53. Rxa7 h3 54.
Nd6+ Kb8 55. Rh7 h2 56. Nf5 Kc8 57. d5 cxd5 58. cxd5 Rd1 59. Rxh2 Rb1 60. Rh7 Rxb4 61. Ke6 Re4+ 62. Kd6 Rxa4 63. Kc6 Rc4+ 64. Kxb6 Rb4+ 65. Kc5 Rb1 66. Nd6+ Kd8 67. Nc4 Kc8 68. d6 Kd8 69. Kc6 Rc1 70. Rh8# 1-0

[Event "*** Titled Tuesday Blitz"]
[Site "Chess.com"]
[Date "2019.06.04"]
[Round "3"]
[White "armago"]
[Black "Makalexa"]
[Result "1/2-1/2"]
[WhiteElo "2074"]
[BlackElo "2177"]
[TimeControl "180+2"]
[EndTime "13:39:23 PDT"]
[Termination "Game drawn by repetition"]

1. d4 Nf6 2. c4 g6 3. Nc3 Bg7 4. e4 d6 5. Nf3 O-O 6. h3 Na6 7. Be3 c5 8. d5 Rb8 9. Bd3 Bd7 10. O-O Nb4 11. Be2 Nh5 12. Qd2 e5 13. a3 Na6 14. Rfe1 Kh8 15. g4 Nf6 16. Nh2 Nc7 17. a4 a6 18. f3 b5 19. axb5 axb5 20. b3 bxc4 21. bxc4 h5 22. Bg5 Qc8 23. Kg2 hxg4 24. hxg4 Nh7 25. Bh6 f5 26. gxf5 gxf5 27. Bxg7+ Kxg7 28. Rg1 f4 29. Kf2+ Kf7 30. Ng4 Bxg4 31. Rxg4 Nf6 32. Rh4 Rh8 33. Rah1 Rxh4 34. Rxh4 Qg8 35. Qe1 Qg5 36. Kf1 Rg8 37. Qf2 Na6 38. Nb5 Ke7 39.
Qh2 Nb4 40. Rh8 Nc2 41. Rxg8 Qxg8 42. Qh3 Ne3+ 43. Ke1 Qa8 44. Qe6+ Kf8 45. Qxf6+ Kg8 46. Nxd6 Qa1+ 47. Kf2 Qb2 48. Qf7+ Kh8 49. Qh5+ Kg7 50.
Qg5+ Kh7 51. Qh5+ Kg7 52. Qg5+ Kh7 53. Nf5 Nd1+ 54. Ke1 Qc3+ 55. Kxd1 Qa1+ 56. Kd2 Qa5+ 57.
Kc1 Qa1+ 58. Kc2 Qa2+ 59. Kd1 Qa4+ 60. Kd2 Qa5+ 61. Kd3 Qa3+ 62. Kc2 Qa2+ 63. Kc1 Qa1+ 64. Kd2 Qa5+ 1/2-1/2

[Event "*** Titled Tuesday Blitz"]
[Site "Chess.com"]
[Date "2019.06.04"]
[Round "3"]
[White "slowdumbb"]
[Black "francyIM"]
[Result "1-0"]
[WhiteElo "2429"]
[BlackElo "2578"]
[TimeControl "180+2"]
[EndTime "13:39:36 PDT"]
[Termination "slowdumbb won by resignation"]

1. g3 d5 2. Bg2 c5 3. Nf3 Nc6 4. O-O e5 5. d3 Nf6 6. c4 d4 7. e3 Bd6 8. exd4 cxd4 9. Re1 O-O 10.
Nbd2 h6 11. Ne4 Nxe4 12. Rxe4 Bf5 13. Re1 Bh7 14. Nh4 Re8 15. Qg4 Kh8 16. Be4 g6 17.
Bxc6 bxc6 18. Bxh6 Re6 19. Bg5 Qb6 20. Re2 a5 21. Rae1 Rae8 22. Kh1 a4 23. f4 f5 24. Qf3 e4 25. dxe4 Qb4 26. exf5 Qxe1+ 27. Rxe1 Rxe1+ 28. Kg2 gxf5 29. Qxc6 R1e6 30. Qd5 d3 31. Qxd3 Bf8 32. Nxf5 Re4 33. Qc3+ Kg8 34. Nh6+ Bxh6 35. Bxh6 Re2+ 36. Kf3 R2e7 37. Qf6 Be4+ 38. Kg4 Rf7 39. Qd4 Kh7 40. Bg5 Bf5+ 41. Kf3 Rd7 42. Qf6 Bg6 43. f5 Rd3+ 44. Kg4 Re4+ 45. Bf4 Be8 46.
Qh6+ Kg8 47. f6 Rd7 48. Qg5+ Kh8 49. Qh6+ Kg8 50. Qg5+ Kh8 51. Qf5 Red4 52. Kg5 Rh7 53.
g4 Rdd7 54. f7 Rdxf7 55. Be5+ Kg8 56. Qe6 Kf8 57. Bd6+ Re7 58. Qf6+ Kg8 59. Bxe7 Rg7+ 60. Kh4 Bd7 61. g5 Rf7 62. Qg6+ Rg7 63. Qd6 Bf5 64.
Bf6 Rh7+ 65. Kg3 Bg6 66. Qd8+ Kf7 67. Qe7+ Kg8 68. Qe5 Rd7 69. c5 Rd3+ 70. Kf2 Rd2+ 71. Ke3 Rd1 72. Qb8+ Kf7 73. Qc7+ Ke6 74. Qe5+ Kd7 75.
Qe7+ Kc6 76. Qe6+ Kb5 77. c6 Rd3+ 78. Ke2 a3 79. c7 axb2 80. Bxb2 Bf5 81. Qxf5+ 1-0

[Event "*** Titled Tuesday Blitz"]
[Site "Chess.com"]
[Date "2019.06.04"]
[Round "3"]
[White "pultineviciuspaulius"]
[Black "Alexander_Donchenko"]
[Result "1-0"]
[WhiteElo "2732"]
[BlackElo "2750"]
[TimeControl "180+2"]
[EndTime "13:39:49 PDT"]
[Termination "pultineviciuspaulius won by resignation"]

1. b3 Nf6 2. Bb2 g6 3. Nf3 Bg7 4. e3 O-O 5. d4 c5 6. dxc5 Na6 7.
Bxa6 bxa6 8. O-O Qc7 9. c3 Bb7 10. b4 Ng4 11. Nbd2 a5 12. Qc1 d6 13. h3 Nf6 14. cxd6 Qxd6 15. bxa5 Rac8 16. Rd1 Qc7 17. c4 Qxa5 18. Bd4 Rfd8 19. Qb2 Bxf3 20. Nxf3 Rxc4 21.
Rac1 Rxc1 22. Rxc1 Ne8 23. Qb7 Nd6 24. Qxa7 Qxa7 25. Bxa7 Ra8 26. Bc5 Rxa2 27. Bxd6 exd6 28.
Rc8+ Bf8 29. Nd4 Ra7 30. g4 Kg7 31. Kg2 Be7 32. Kf3 Bf6 33. Nb5 Rd7 34. Rc6 d5 35. Rc2 Rb7 36. Nc7 d4 37. Ne8+ Kf8 38. Nxf6 Rb3 39.
Rd2 dxe3 40. fxe3 Kg7 41. Ne8+ Kf8 42. Nd6 Rb6 43. Ne4 Kg7 44. g5 h6 45. h4 hxg5 46.
hxg5 Rb5 47. Rd8 Rf5+ 48. Kg4 Re5 49. Kf3 Rf5+ 50. Ke2 Re5 51. Kd3 Rf5 52. Kd4 Ra5 53. Rd5 Ra4+ 54. Ke5 Ra3 55. Kf4 Ra4 56. Rd8 Ra5 57.
Ng3 Ra4+ 58. e4 Ra2 59. Rd3 Ra4 60. Nf1 Ra2 61. Rf3 Ra4 62. Ne3 Rb4 63. Ng4 Ra4 64. Rd3 Ra1 65. Rd8 Rf1+ 66. Kg3 Rg1+ 67. Kf3 Rf1+ 68. Kg2 Rf4 69. Kg3 Rf1 70. e5 Rf5 71. Kh4 Rf4 72. Rd7 Kf8 73. Kg3 Rf5 74. Kh4 Rf4 75. Ra7 Kg7 76. e6 Kf8 77. Rxf7+ 1-0

[Event "*** Titled Tuesday Blitz"]
[Site "Chess.com"]
[Date "2019.06.04"]
[Round "3"]
[White "IMDT02"]
[Black "DmitryAnikonov"]
[Result "1-0"]
[WhiteElo "2490"]
[BlackElo "2666"]
[TimeControl "180+2"]
[EndTime "13:40:00 PDT"]
[Termination "IMDT02 won by checkmate"]

1. d4 g6 2. Bf4 Bg7 3. e3 d6 4.
Nf3 Nc6 5. h3 e5 6. Bh2 Nge7 7.
c3 O-O 8. Be2 f5 9. dxe5 dxe5 10. Bc4+ Kh8 11. Qxd8 Rxd8 12. Ng5 Bf6 13. Nf7+ Kg7 14.
Nxd8 Nxd8 15. Nd2 Be6 16. O-O-O Kf7 17. Bg3 Bxc4 18. Nxc4 Ke6 19. f3 Nf7 20. Rhe1 Nd6 21. Nxd6 cxd6 22. e4 Rc8 23. Rd3 Rc6 24. Red1 a6 25.
Kc2 Nc8 26. b3 Nb6 27. Bf2 Nd7 28. g4 fxe4 29. fxe4 Be7 30. Rf3 Rc8 31. Rf1 Bg5 32. Be3 Be7 33. g5 d5 34. exd5+ Kxd5 35. Rf7 Ke6 36. Rxh7 Bc5 37. Bxc5 Nxc5 38. Rg7 e4 39. Rxg6+ Ke5 40. Rgf6 e3 41. Re1 Ke4 42. Rf7 Re8 43.
g6 Nd3 44. Rg1 Ne5 45. Rff1 e2 46. Re1 Kf3 47. g7 Rg8 48. h4 Kf2 49. h5 Nf3 50. Rxe2+ Kxg1 51. h6 Ng5 52. Re5 Nh7 53. Re7 b5 54. Ra7 Kf2 55. Rxa6 Rb8 56. Rd6 Ke3 57. b4 Ke4 58. Kb3 Ke5 59. Rd4 Nf6 60. a4 bxa4+ 61. Kxa4 Ra8+ 62. Kb3 Rb8 63. Rh4 Nh7 64. c4 Kf6 65. b5 Kg5 66. Rh2 Kg6 67. Kb4 Kf7 68. c5 Kg8 69. b6 Nf6 70. Kb5 Kh7 71. c6 Nd5 72. b7 Re8 73. Kc5 Nc7 74. Rd2 Na6+ 75.
Kb6 Nb4 76. Rd6 Re6 77. Rxe6 Nd5+ 78. Kc5 Nc7 79. g8=Q+ Kxg8 80. b8=Q+ Kh7 81. Qxc7+ Kg8 82. Re8# 1-0

[Event "*** Titled Tuesday Blitz"]
[Site "Chess.com"]
[Date "2019.06.04"]
[Round "3"]
[White "Siemba"]
[Black "RU_B9"]
[Result "1/2-1/2"]
[WhiteElo "2087"]
[BlackElo "2065"]
[TimeControl "180+2"]
[EndTime "13:40:42 PDT"]
[Termination "Game drawn by repetition"]

1. e4 c5 2. Nf3 g6 3. d4 cxd4 4. Nxd4 Bg7 5. c4 Nc6 6. Be3 Nf6 7. Nc3 d6 8. Be2 O-O 9. f3 Bd7 10. Qd2 a6 11. O-O Qa5 12. Nxc6 bxc6 13. Rfd1 Rfe8 14.
Bd4 c5 15. Be3 Ba4 16. b3 Bc6 17. Rac1 Rab8 18. Kh1 Qb4 19. Nd5 Qxd2 20. Rxd2 Bxd5 21. cxd5 a5 22. Rc4 Rb4 23. Rdc2 Ra8 24. Bd2 Rxc4 25. Rxc4 e6 26. dxe6 fxe6 27. Ra4 d5 28.
exd5 exd5 29. Rxa5 Rc8 30. Be3 c4 31. bxc4 dxc4 32.
Rc5 Rxc5 33. Bxc5 Nd7 34. Bxc4+ Kh8 35. Bd6 Bc3 36. a3 Nb6 37. Bb3 Kg7 38. Kg1 Kf6 39. Kf1 Bb2 40. Bb4 Ke5 41. Ke2 Kd4 42. Bd2 Bxa3 43. Bg8 Nc4 44. Bxh7 Nxd2 45. Kxd2 g5 46.
Ke2 Ke5 47. g3 Be7 48. Kf2 Bc5+ 49. Kg2 Kf6 50. Kh3 Bg1 51. Bc2 Ke5 52. Kg2 Bd4 53.
h3 Kf6 54. Kf1 Ke5 55. Ke2 Bb6 56. Ba4 Bc5 57. Bd7 Be7 58. Bc8 Bd8 59. Ke3 Be7 60. Kd3 Bd8 61. Ke3 Bb6+ 62. Ke2 Bd8 63. Bg4 Be7 64. Kd3 Bc5 65. h4 gxh4 66. f4+ Kf6 67.
gxh4 Bf2 68. h5 Bb6 69. Ke4 Bc5 70. Bf5 Bf8 71. Bd7 Bh6 72. f5 Bf8 73. Kd5 Bh6 74. Bc8 Kg5 75. Ke6 Kxh5 76. f6 Kg5 77. f7 Bf8 78. Kd7 Kg6 79. Ke8 Kg7 80. Bf5 Bb4 81.
Be4 Bf8 82. Bd3 Bc5 83. Be4 Bf8 84. Bd3 Bc5 85. Be4 Bf8 1/2-1/2

[Event "*** Titled Tuesday Blitz"]
[Site "Chess.com"]
[Date "2019.06.04"]
[Round "3"]
[White "Oleg_Papayan"]
[Black "Filip_Covic"]
[Result "1/2-1/2"]
[WhiteElo "2541"]
[BlackElo "2358"]
[TimeControl "180+2"]
[EndTime "13:41:50 PDT"]
[Termination "Game drawn by stalemate"]

1. e4 c5 2. Nf3 d6 3. d4 cxd4 4. Nxd4 Nf6 5. Nc3 a6 6. a4 g6 7. Be2 Bg7 8. Be3 O-O 9. O-O Nbd7 10. a5 Qc7 11. Ra3 Ne5 12. Re1 Nc4 13. Bxc4 Qxc4 14. Qd3 Qxd3 15. cxd3 Ng4 16. Nd5 e6 17. Nb6 Rb8 18.
Nc2 Nxe3 19. Nxe3 Bxb2 20. Rb3 Bd4 21. Nec4 d5 22. exd5 exd5 23. Nxd5 Be6 24. Nf4 Bd7 25. Nd5 Be6 26. Nf4 Bd7 27. Re4 Bc5 28. d4 Bf5 29.
Re1 Bxd4 30. Nd6 b5 31. Nxf5 gxf5 32. Nd5 Rfe8 33. Rd1 Bg7 34. g3 Re2 35. Rf3 b4 36.
Rb1 Rb2 37. Rxb2 Bxb2 38. Rb3 Ba3 39. Nc7 Rb7 40. Nxa6 Rb5 41. Kg2 Kg7 42. h4 Rxa5 43. Nxb4 Bxb4 44. Rxb4 Re5 45. Rb6 Rc5 46. Kf3 Rc4 47. Rb5 Kg6 48. Rb6+ f6 49. Rd6 Rb4 50. Rd3 Ra4 51. Re3 Rb4 52. Re7 Rb3+ 53. Kg2 Rb4 54. Rc7 Rb2 55. Rc4 Rb3 56. Rf4 Rc3 57. Kf1 Rb3 58. Ke2 Ra3 59. Kd2 Rb3 60. Kc2 Ra3 61. Kb2 Rd3 62. Kc2 Ra3 63. Kd2 Rb3 64. Ke2 Ra3 65.
Rf3 Ra2+ 66. Ke3 Ra4 67. Rf4 Ra5 68. Kd4 Rb5 69. Kc4 Re5 70. Rf3 Kh5 71. Rf4 Kg6 72.
Kd4 Ra5 73. Kd3 Re5 74. Rb4 Ra5 75. Kd4 Ra2 76. Ke3 Ra5 77. Kf4 Re5 78. Rd4 Rc5 79.
Rd8 Rc4+ 80. Kf3 Ra4 81. Rg8+ Kf7 82. Rh8 Kg7 83. Rd8 Kg6 84. Rd3 Rb4 85. Ke3 Re4+ 86.
Kf3 Rb4 87. Kg2 Ra4 88. f3 Rb4 89. Kh3 Ra4 90. Rd7 Rb4 91. Rd8 Ra4 92. Rd3 Rb4 93.
Ra3 Rc4 94. Ra5 Rb4 95. h5+ Kxh5 96. Rxf5+ Kg6 97. Rc5 Ra4 98. g4 Rb4 99. Kg3 Ra4 100. Rc7 Ra3 101. Kf4 Ra4+ 102. Kg3 Ra3 103. Rc4 Rb3 104. Rf4 Rb6 105. Kh4 Rb1 106. Rf5 Rh1+ 107. Kg3 Rg1+ 108. Kf2 Rc1 109. f4 Rc2+ 110. Kg3 Rc3+ 111. Kh4 Rc4 112. Kg3 Rc3+ 113. Kf2 Rc4 114. Ke3 Rc3+ 115. Ke4 Rg3 116. g5 fxg5 117. Rxg5+ Rxg5 118. fxg5 Kxg5 119. Kf3 Kh4 120. Kg2 Kg4 121. Kh1 h5 122. Kg1 h4 123. Kh1 h3 124. Kg1 Kg3 125. Kh1 h2 1/2-1/2

[Event "*** Titled Tuesday Blitz"]
[Site "Chess.com"]
[Date "2019.06.04"]
[Round "3"]
[White "fastestmindalive"]
[Black "KNVB"]
[Result "0-1"]
[WhiteElo "2800"]
[BlackElo "2713"]
[TimeControl "180+2"]
[EndTime "13:42:45 PDT"]
[Termination "KNVB won by resignation"]

1. e4 c5 2. Nc3 e6 3. Nf3 Nc6 4. d4 cxd4 5. Nxd4 Qc7 6. g3 a6 7.
Bg2 Nf6 8. O-O Nxd4 9. Qxd4 Bc5 10. Bf4 d6 11. Qd2 h6 12. Rad1 e5 13. Be3 Bg4 14. Bxc5 dxc5 15. Qd6 Qxd6 16. Rxd6 Nd7 17. h3 Be6 18. f4 O-O-O 19. f5 Bc4 20. Rfd1 f6 21. Bf1 Bf7 22. Na4 Kc7 23. b3 b5 24. Nc3 Nb6 25. Rxd8 Rxd8 26. Rxd8 Kxd8 27. Kf2 Kc7 28. Ke3 b4 29.
Nd1 c4 30. Nb2 c3 31. Nd3 a5 32. g4 Kc6 33. h4 Nd7 34. Nc1 Nc5 35. Be2 a4 36.
Bd3 a3 37. Be2 Kb6 38. Bd1 Be8 39. Ne2 Bb5 40. Ng3 Be8 41. Nh1 Nb7 42. Nf2 Nc5 43.
g5 hxg5 44. hxg5 fxg5 45. Nh3 g6 46. Nxg5 Nd7 47. Bg4 Nf6 48. Bd1 Kc5 49. fxg6 Bxg6 50. Nf3 Kd6 51. Ng5 Nd7 52. Be2 Nc5 53. Bd3 Bh5 54.
Be2 Be8 55. Bc4 Bh5 56. Be2 Bg6 57. Bc4 Be8 58. Bd5 Ke7 59. Nf3 Kf6 60. Ne1 Bb5 61. Nf3 Bf1 62. Nh2 Bh3 63. Nf3 Bd7 64. Bc4 Bg4 65. Ne1 Ke7 66. Nd3 Nxd3 67. Kxd3 Bd1 68.
Bd5 Kd6 69. Kc4 Bxc2 70. Kxb4 Bb1 71. Kxa3 Kc5 72. b4+ Kd4 73. b5 Bxe4 74. Bxe4 Kxe4 75. b6 Kd3 76. b7 c2 77. b8=Q c1=Q+ 78. Ka4 Qc4+ 79.
Ka3 Qc3+ 80. Ka4 Qc4+ 81. Ka3 e4 82. Qd6+ Qd4 83. Qg6 Kc3 84. Qc6+ Qc4 85. Qf6+ Kd3 86. Qf1+ Kd4 87. Qf6+ Ke3 88. Qh6+ Kd3 89. Qg6 Kc2 90.
Qg2+ Kc3 91. Qc2+ Kd4 92. Qh2 e3 93. Qf4+ Kd3 94. Qg3 Qc3+ 95. Ka4 Qc4+ 96. Ka3 Qc3+ 97. Ka4 Kd2 98. Qg5 Kc2 99. Qg2+ Kd1 100. Qh1+ Kd2 101. Qh6 Qc4+ 102. Ka3 Qc5+ 103. Kb3 Qd5+ 104. Ka3 Qd3+ 105. Ka4 Kc2 106. Qc6+ Kb2 107. Qf6+ Qc3 108. Qf3 Qa3+ 109. Kb5 Qd3+ 110. Kc5 Qc2+ 111. Kd4 Qd2+ 112. Ke4 e2 113. Qf6+ Kb1 114. Qb6+ Kc1 115. Qc6+ Qc2+ 116. Kd5 Qxc6+ 117. Kxc6 e1=Q 0-1

[Event "*** Titled Tuesday Blitz"]
[Site "Chess.com"]
[Date "2019.06.04"]
[Round "3"]
[White "DanielMieles1985"]
[Black "Genghis_K"]
[Result "1-0"]
[WhiteElo "2650"]
[BlackElo "2842"]
[TimeControl "180+2"]
[EndTime "13:42:51 PDT"]
[Termination "DanielMieles1985 won by resignation"]

1. c4 e5 2. Nc3 Bb4 3. g3 Bxc3 4. bxc3 d6 5. Bg2 Nc6 6. Rb1 Nge7 7. e4 O-O 8. Ne2 f5 9. O-O fxe4 10. Bxe4 Bh3 11.
Bg2 Bxg2 12. Kxg2 b6 13. d3 Qd7 14. Be3 Rf7 15. Qd2 Raf8 16. f4 Qe6 17. fxe5 Rxf1 18.
Rxf1 Rxf1 19. Kxf1 Qh3+ 20. Ke1 Nxe5 21. Ng1 Qf5 22. Ke2 Qh5+ 23. Kf1 Qg6 24. Ke2 Ng4 25. h3 Ne5 26. Bf4 Qh5+ 27. g4 Qh4 28. Bxe5 dxe5 29. Qe3 Ng6 30. Qe4 Nf4+ 31. Kf3 Qf6 32. Kg3 Qd6 33.
d4 Ng6 34. Kg2 Nf4+ 35. Kg3 Ng6 36. Kg2 h6 37. Nf3 exd4 38. cxd4 Nf4+ 39. Kf1 Nxh3 40. d5 Qf6 41. Kg2 Nf4+ 42. Kg3 Ng6 43. Qe8+ Kh7 44.
Qe4 Qd6+ 45. Kg2 Kg8 46. Qe8+ Kh7 47. Qe4 Qf4 48. Qxf4 Nxf4+ 49. Kg3 Nd3 50. Nd4 Ne5 51. Ne6 Nxc4 52. Nxc7 Kg8 53. Kf4 Kf7 54. Ke4 Ke7 55. Kd4 Nd6 56. Ne6 g6 57. Nf4 Kf6 58.
a4 Kg5 59. Nd3 Kxg4 60. Ke5 Nb7 61. Ke6 h5 62. Kd7 h4 63. Kc7 Nc5 64. Nxc5 bxc5 65. d6 h3 66. d7 h2 67. d8=Q h1=Q 68. Qd7+ Kg5 69. Qe7+ Kg4 70. Qe6+ Kf4 71. Qf6+ Ke3 72. Qc3+ Ke2 73. Qc2+ Kf1 74. Qc4+ Kg1 75. Qxc5+ Kh2 76. Qe5+ Kh3 77. Qe6+ Kh2 78. Qxg6 Qc1+ 79. Qc6 Qa3 80. Kb7 a5 81. Ka6 Qb4 82. Qc7+ Kg2 83. Qb7+ Kf2 84. Qb6+ Kf3 85. Qxa5 Qc4+ 86. Qb5 Qa2 87. a5 Kg3 88. Qc6 Qe2+ 89. Kb6 Qe3+ 90. Qc5 Qb3+ 91. Kc6 Qf3+ 92. Qd5 Qc3+ 93. Qc5 Qf3+ 94. Kb6 Qb3+ 95. Ka7 Qf7+ 96. Kb8 Qe8+ 97. Kb7 Qe4+ 98. Ka7 Kh2 99. a6 Qe6 100. Qc7+ Kg1 101. Kb7 Qd5+ 102. Qc6 Qf7+ 103. Kb6 Qb3+ 104. Qb5 Qe6+ 105. Ka5 Qa2+ 106. Kb6 Qe6+ 107. Qc6 Qb3+ 108. Kc7 Qf7+ 109. Kb8 Qf8+ 110. Kb7 Qf7+ 111. Qc7 Qf3+ 112. Kb8 Qf8+ 113. Ka7 Kh1 114. Qc6+ Kg1 115. Qb6+ Kh1 116. Qb7+ Kg1 117. Qc7 Kh1 118. Kb7 Qb4+ 119. Ka8 Qf8+ 120. Qb8 Qe7 121. Qb7+ 1-0

[Event "*** Titled Tuesday Blitz"]
[Site "Chess.com"]
[Date "2019.06.04"]
[Round "3"]
[White "MarianPetrov"]
[Black "platy3"]
[Result "1/2-1/2"]
[WhiteElo "2610"]
[BlackElo "2812"]
[TimeControl "180+2"]
[EndTime "13:42:55 PDT"]
[Termination "Game drawn by 50-move rule"]

1. e4 c5 2. c3 Nf6 3. e5 Nd5 4. d4 cxd4 5. Nf3 Nc6 6. cxd4 d6 7. Bc4 dxe5 8. dxe5 Ndb4 9. Qb3 e6 10. O-O Na5 11.
Bb5+ Bd7 12. Qa4 Bxb5 13. Qxb5+ Nac6 14. Nc3 a6 15. Qe2 Qd3 16. Bf4 Qxe2 17. Nxe2 Nd3 18. Rad1 O-O-O 19. b3 Bc5 20. Bg3 h6 21. h4 Rd7 22.
Nc3 Rhd8 23. Ne4 Nxf2 24. Bxf2 Rxd1 25. Bxc5 Rxf1+ 26. Kxf1 Rd1+ 27. Ke2 Ra1 28. a4 Kd7 29. Nd6 Ra2+ 30. Kf1 f5 31. Nxb7 g5 32. hxg5 hxg5 33.
Bd6 g4 34. Nc5+ Kc8 35. Ng5 Nd4 36. Ngxe6 Nc2 37. Nf4 Ne3+ 38. Ke1 Kd8 39. g3 Ke8 40. Nxa6 Nc2+ 41. Kd1 Nd4 42. Nc5 Ra1+ 43. Kd2 Rg1 44.
Kd3 Nc6 45. Nh5 Rh1 46. Nf6+ Kf7 47. Nd5 Nd8 48. Nf4 Rg1 49. e6+ Ke8 50. Nd5 Nxe6 51. Nxe6 Kd7 52. Bc5 Rd1+ 53. Kc4 Kxe6 54. Nf4+ Kd7 55. a5 Rc1+ 56. Kd5 Rc3 57. Bf2 Rf3 58. Be1 Re3 59. Bb4 Rxg3 60. Ke5 Rxb3 61. Be1 Re3+ 62. Kxf5 Rxe1 63. Kxg4 Ra1 64. Kf5 Rxa5+ 65. Ke4 Kd6 66.
Nd3 Ra4+ 67. Ke3 Kd5 68. Nf4+ Kc4 69. Ke4 Ra1 70. Ke5 Re1+ 71. Kf5 Kd4 72. Ne6+ Kd5 73. Nf4+ Kd6 74. Ng6 Re8 75. Nf4 Re5+ 76. Kg4 Re3 77. Kf5 Kc5 78. Ne6+ Kd5 79. Nf4+ Kd6 80. Ng6 Kd5 81.
Nf4+ Kd4 82. Ne6+ Kd3 83. Nf4+ Kd2 84. Nd5 Re8 85. Nf4 Ke3 86. Nd5+ Kf3 87. Nf6 Re7 88. Nd5 Re1 89. Nf6 Ke3 90. Ke5 Kd3+ 91. Kf5 Kd4 92. Nh5 Re5+ 93. Kg4 Ke3 94. Ng3 Ra5 95. Nf5+ Ke4 96. Ng3+ Ke5 97. Kf3 Ra3+ 98. Kf2 Kf4 99.
Ne2+ Kg4 100. Nd4 Rd3 101. Ne2 Kg5 102. Nc1 Ra3 103. Ne2 Kf5 104. Nd4+ Ke4 105. Ne6 Ra2+ 106. Kg3 Ke5 107. Ng5 Ra3+ 108. Kg4 Ra4+ 109. Kg3 Kf5 110. Nf3 Ra3 111. Kf2 Kf4 112. Nd4 Ra2+ 113. Kf1 Ke3 114. Nf5+ Ke4 1/2-1/2

[Event "*** Titled Tuesday Blitz"]
[Site "Chess.com"]
[Date "2019.06.04"]
[Round "3"]
[White "tbalabayev"]
[Black "slowdgehammer"]
[Result "1/2-1/2"]
[WhiteElo "2373"]
[BlackElo "2374"]
[TimeControl "180+2"]
[EndTime "13:43:06 PDT"]
[Termination "Game drawn by repetition"]

1. Nf3 c6 2. g3 d5 3. Bg2 Nf6 4. O-O g6 5. d3 Bg7 6. Nbd2 Nbd7 7. e4 e5 8. c3 O-O 9. Qc2 Qc7 10. a4 a5 11. Re1 Re8 12. Nf1 dxe4 13. dxe4 Nc5 14. N1d2 Be6 15. Ng5 Bg4 16. h3 Bd7 17. Nc4 h6 18. Nf3 Be6 19. Bf1 Nfd7 20. b4 axb4 21. cxb4 Na6 22. Bd2 Nb6 23. Ne3 Rad8 24. Bc3 Nd7 25.
Rec1 Qb6 26. Qb2 f6 27. Bc4 Nc7 28. Qa2 Kh7 29. Kg2 Bf8 30. Rab1 Qa7 31. Rd1 Nb6 32.
Bxe6 Nxe6 33. Rxd8 Nxd8 34. a5 Nc8 35. Rd1 Nd6 36. Nc4 Qb8 37. Nxd6 Bxd6 38. Qd2 Nf7 39.
Qa2 Kg7 40. Nh4 Qc7 41. Qe2 Rd8 42. Qg4 Ng5 43. Rb1 h5 44. Qe2 Be7 45. Nf3 Ne6 46.
Qe3 Qd7 47. Rb2 Qd3 48. Qe1 Qc4 49. Bd2 Qb5 50. Be3 Nd4 51. Nxd4 exd4 52. Bd2 d3 53.
Qe3 Bd6 54. Rb3 Be5 55. f4 Bc7 56. f5 g5 57. h4 Qc4 58. Rc3 Qd4 59. Qxd4 Rxd4 60. hxg5 fxg5 61. b5 Rxe4 62. Kf3 Re2 63. Rxd3 Rh2 64. Rd7+ Kf6 65. Bc3+ Kxf5 66. Rxc7 Rc2 67. Bd4 g4+ 68. Ke3 Rg2 69. Rf7+ Ke6 70. Rf6+ Kd5 71. Rf5+ Kc4 72. Rxh5 Rxg3+ 73. Ke4 cxb5 74.
Rc5+ Kb4 75. Rc7 Kxa5 76. Rxb7 b4 77. Ra7+ Kb5 78. Rb7+ Kc4 79. Rc7+ Kb3 80. Be3 Rg2 81. Kf4 Rc2 82. Rb7 Rc4+ 83. Kg3 Kc2 84. Bf4 b3 85. Kxg4 b2 86. Kf5 b1=Q 87. Rxb1 Kxb1 88. Be5 Kc2 89. Ke6 Kd3 90. Kd5 Ra4 91. Bd6 Ra5+ 92. Bc5 Kc3 93. Kc6 Kc4 94. Bb6 Ra6 95. Kb7 Kb5 96. Bc7 Re6 97. Bf4 Re7+ 98. Bc7 Rf7 99.
Ka8 Ka6 100. Bb8 Rd7 101. Be5 Ra7+ 102. Kb8 Re7 103. Bd6 Rd7 104. Bg3 Kb6 105. Ka8 Ra7+ 106. Kb8 Rg7 107. Bf2+ Kc6 108. Ka8 Rg2 109. Be3 Rg3 110. Bf2 Rf3 111. Bg1 Kc7 112. Bh2+ Kb6 113. Bg1+ Kc6 114. Kb8 Rf7 115. Ka8 Rb7 116. Bf2 Rb2 117. Bg1 Kc7 118. Be3 Rb8+ 119. Ka7 Rb4 120. Ka6 Kc6 121. Ka7 Rb7+ 122. Ka8 Re7 123. Bf2 Rf7 124. Bg1 Kb5 125. Kb8 Kc6 126. Ka8 1/2-1/2

[Event "*** Titled Tuesday Blitz"]
[Site "Chess.com"]
[Date "2019.06.04"]
[Round "4"]
[White "mishanick"]
[Black "Marcus_Harvey"]
[Result "1-0"]
[WhiteElo "3009"]
[BlackElo "2626"]
[TimeControl "180+2"]
[EndTime "13:45:08 PDT"]
[Termination "mishanick won by resignation"]

1. d4 Nf6 2. c4 e6 3. Nf3 Bb4+ 4. Nc3 O-O 5. Bg5 d5 6. Qb3 a5 7. e3 Nbd7 8. cxd5 exd5 9. a3 Be7 10. Bd3 Nb6 11.
O-O a4 12. Qc2 h6 13. Bh4 c6 14. Ne5 Nfd7 15. Bxe7 Qxe7 16. f4 f6 17. Bh7+ 1-0

[Event "*** Titled Tuesday Blitz"]
[Site "Chess.com"]
[Date "2019.06.04"]
[Round "4"]
[White "Filip_Covic"]
[Black "Keithonsky"]
[Result "0-1"]
[WhiteElo "2353"]
[BlackElo "2506"]
[TimeControl "180+2"]
[EndTime "13:45:19 PDT"]
[Termination "Keithonsky won by resignation"]

1. d4 Nf6 2. Nf3 g6 3. Nc3 Bg7 4. e4 d6 5. Bg5 O-O 6. Qd2 c5 7. O-O-O cxd4 8. Nxd4 Nc6 9. Nb3 Be6 10. h4 a5 11. h5 a4 12. Na1 a3 13. b3 Qa5 14.
Bh6 Bxh6 0-1